[Event "Late-Titled-Tuesday-Blitz-July-09-2024"]
[Site "Chess.com"]
[Date "2024.07.09"]
[Round "6"]
[White "Snowball-03"]
[Black "pirulillo"]
[Result "0-1"]
[WhiteElo "2607"]
[BlackElo "2450"]
[TimeControl "180+1"]
[EndTime "15:04:21 PDT"]
[Termination "pirulillo won by resignation"]

1. e4 c5 2. Nf3 e6 3. d4 cxd4 4.
Nxd4 Nf6 5. Nc3 Nc6 6. Ndb5 d6 7.
Bf4 e5 8. Bg5 a6 9. Bxf6 gxf6 10. Na3 b5 11. Nd5 Bg7 12. Bd3 Ne7 13. c4 Nxd5 14.
cxd5 f5 15. exf5 e4 16. Qe2 O-O 17. Bxe4 Re8 18. O-O Bxf5 19. f3 Qf6 20. Rab1 Qd4+ 21. Kh1 Bxe4 22. fxe4 Rxe4 23. Qf3 Rf8 24. Rbd1 Qe5 25.
b3 f5 26. Nc2 f4 27. Rfe1 Rxe1+ 28. Rxe1 Qb2 29. Qe4 Qxa2 30. Nb4 Qxb3 31. Nc6 f3 32. Ne7+ Kh8 33. Nf5 fxg2+ 34. Kxg2 Qc3 35. Nxd6 Qf6 36. Qe6 Qf3+ 37. Kg1 Bd4+ 0-1

[Event "Late-Titled-Tuesday-Blitz-July-09-2024"]
[Site "Chess.com"]
[Date "2024.07.09"]
[Round "6"]
[White "EsmeraldasAnderson03"]
[Black "OverallStranger"]
[Result "0-1"]
[WhiteElo "2518"]
[BlackElo "2399"]
[TimeControl "180+1"]
[EndTime "15:04:21 PDT"]
[Termination "OverallStranger won by resignation"]

1. d4 Nf6 2. c4 e6 3. Nc3 Bb4 4. f3 d5 5. a3 Be7 6. e4 dxc4 7. Bxc4 c5 8. d5 exd5 9. exd5 a6 10. a4 Nbd7 11. Nge2 Ne5 12. Ba2 O-O 13. O-O b6 14. Ng3 Bb7 15. Nf5 Bd6 16. Bg5 h6 17.
Bh4 g6 18. Nxh6+ Kg7 19. Ng4 Nexg4 20. fxg4 Be5 21. Qf3 Qd6 22. Bxf6+ Qxf6 23. Qxf6+ Bxf6 24. h3 Rad8 25. Rad1 Bd4+ 26. Kh1 Rfe8 27. Rd2 Re5 28. Rfd1 Re3 29. Rxd4 cxd4 30. Rxd4 Rd6 31. Kh2 Rf6 32. d6 Rf2 33. Bd5 Bxd5 34. Rxd5 Re8 35. d7 Rd8 36. b4 Rf4 37. b5 axb5 38. axb5 Rc4 39. Ne4 Rxe4 40.
Rd6 Re6 41. Rd5 Re7 42. Rd6 Rdxd7 43. Rxb6 Rb7 44. Rd6 Rxb5 45. Rd2 Rbe5 46. Kg3 R5e6 47. g5 Re5 48. h4 Re3+ 49. Kh2 R7e4 50. g3 Re2+ 51.
Rxe2 Rxe2+ 52. Kh3 Re3 53. Kg4 Re4+ 54. Kh3 Re5 55.
h5 gxh5 56. Kh4 Kg6 57. g4 Re4 58. Kh3 Rxg4 0-1

[Event "Late-Titled-Tuesday-Blitz-July-09-2024"]
[Site "Chess.com"]
[Date "2024.07.09"]
[Round "6"]
[White "KVAIDAN"]
[Black "ImportedItalianMaple"]
[Result "1-0"]
[WhiteElo "2372"]
[BlackElo "2477"]
[TimeControl "180+1"]
[EndTime "15:04:21 PDT"]
[Termination "KVAIDAN won on time"]

1. f4 Nh6 2. Nf3 d5 3. e3 c5 4. b3 e6 5. Bb2 Nc6 6. Bb5 Bd7 7. O-O Nf5 8. Qe1 f6 9. g4 Nd6 10. Bxc6 Bxc6 11. d3 Qc7 12. Nbd2 O-O-O 13. e4 h5 14. g5 Be7 15. Kh1 dxe4 16. dxe4 Kb8 17. Kg1 c4 18. bxc4 f5 19. Be5 Qb6+ 20. Bd4 Qb4 21.
Rb1 Qa4 22. Be5 Ka8 23. exf5 Nxf5 24. Nd4 Bc5 25. c3 Nxd4 26. cxd4 Rxd4 27. Nb3 Rxf4+ 28. Nxc5 Rg4+ 29. Bg3 Qxc4 30. Nxe6 h4 31. Nc7+ Kb8 32. Qe5 Qd4+ 33. Qxd4 Rxd4 34. Nb5+ Kc8 35. Nxd4 hxg3 36. Nxc6 bxc6 37. hxg3 1-0

[Event "Late-Titled-Tuesday-Blitz-July-09-2024"]
[Site "Chess.com"]
[Date "2024.07.09"]
[Round "6"]
[White "RebecaJimnz"]
[Black "Gyulamiryan-koryun"]
[Result "1-0"]
[WhiteElo "2292"]
[BlackElo "1924"]
[TimeControl "180+1"]
[EndTime "15:04:21 PDT"]
[Termination "RebecaJimnz won on time"]

1. e4 e5 2. d4 exd4 3. Qxd4 Nc6 4. Qe3 Nf6 5. Nc3 b6 6. Bd2 Bc5 7. Qg3 O-O 8. Be2 Nd4 9. O-O-O Nxe2+ 10. Ngxe2 Bb7 11.
Bh6 Nh5 12. Qg4 g6 13. Bxf8 Bxf8 14. Ng3 Bh6+ 15. Kb1 Nf6 16. Qh4 Bg7 17. e5 Ne8 18. Qxd8 Rxd8 19. f4 Bxg2 20. Rhg1 Bh3 21. Nge4 Bf5 22.
Ng5 h6 23. Nf3 c6 24. Nd4 d5 25. Nxc6 Rd7 26. Nxd5 Be4 27. Nde7+ Rxe7 28. Nxe7+ Kh7 29.
Rd7 h5 30. Nc8 Kg8 31. Rgd1 Bh6 32. Rd8 Kf8 33. Nd6 Bxf4 34. Rxe8+ Kg7 35. Nxe4 g5 36. Nf6 1-0

[Event "Late-Titled-Tuesday-Blitz-July-09-2024"]
[Site "Chess.com"]
[Date "2024.07.09"]
[Round "6"]
[White "Ninocanina"]
[Black "chessuriel"]
[Result "0-1"]
[WhiteElo "1950"]
[BlackElo "2311"]
[TimeControl "180+1"]
[EndTime "15:04:28 PDT"]
[Termination "chessuriel won by checkmate"]

1. d4 Nf6 2. c4 g6 3. Nc3 Bg7 4. e4 d6 5. Nf3 O-O 6. Be2 e5 7. dxe5 dxe5 8. Qxd8 Rxd8 9. Bg5 Re8 10. Rd1 c6 11. O-O Nbd7 12. b4 h6 13. Bh4 a5 14.
b5 Nc5 15. Nd2 Ne6 16. a4 Nd4 17. Bd3 g5 18. Bg3 Nh5 19. Nf3 Nxf3+ 20. gxf3 Bh3 21. Rfe1 Nf4 22. Bxf4 exf4 23. Bf1 Bxf1 24. Kxf1 Bxc3 25.
Re2 Rad8 26. Rc1 Bb4 27. Kg2 Rd3 28. h4 Red8 29. hxg5 hxg5 30. Rh1 Ra3 31. Rh5 f6 32. e5 Kf7 33. e6+ Kg6 34. e7 Bxe7 35. Rh2 Bc5 36. Rh1 Rdd3 37. Rhe1 Rxf3 38. Rf1 Rfc3 39. Re8 Rxc4 40. Rg8+ Kf5 41. Rb8 cxb5 42. axb5 Rc2 43. Rxb7 Rg3+ 44. Kh1 Rh3+ 45. Kg2 g4 46. Rd7 f3+ 47. Kg1 g3 48. Rd5+ Kg6 49. Rxc5 g2 50. b6 Rh1# 0-1

[Event "Late-Titled-Tuesday-Blitz-July-09-2024"]
[Site "Chess.com"]
[Date "2024.07.09"]
[Round "6"]
[White "Nf3c5"]
[Black "Burgsvik"]
[Result "0-1"]
[WhiteElo "2626"]
[BlackElo "2273"]
[TimeControl "180+1"]
[EndTime "15:04:30 PDT"]
[Termination "Burgsvik won by resignation"]

1. e4 c5 2. Nc3 Nc6 3. Bb5 e6 4. Bxc6 bxc6 5. d3 Ne7 6. f4 Ng6 7. Nf3 f6 8. O-O Be7 9. Kh1 O-O 10. Qe1 Rb8 11. b3 d5 12. Bd2 Qc7 13. g3 Bb7 14.
Na4 c4 15. Ba5 Qd7 16. e5 cxd3 17. cxd3 c5 18. d4 cxd4 19. Nxd4 fxe5 20. fxe5 Rxf1+ 21. Qxf1 Nxe5 22. Qe2 Bf6 23. Re1 Re8 24. Nc5 Qc8 25.
Qb5 Ba8 26. b4 Nc6 27. Ndxe6 d4 28. Kg1 Nxa5 29. bxa5 Bd5 30. a6 Bxe6 31. Nxe6 Rxe6 32.
Qd5 Kf7 33. Rb1 Qc6 34. Rb7+ Kg6 35. Qxc6 Rxc6 36. Rxa7 d3 37. Rd7 Rxa6 38. Rxd3 Rxa2 39. h3 h5 40. Rf3 h4 41. gxh4 Bxh4 42. Rd3 Kh5 43. Kh1 g5 44. Rd4 Bg3 45. Rg4 Bf4 46.
Rg2 Rxg2 47. Kxg2 Kh4 48. Kg1 Kxh3 49. Kh1 g4 50. Kg1 g3 51. Kh1 g2+ 0-1

[Event "Late-Titled-Tuesday-Blitz-July-09-2024"]
[Site "Chess.com"]
[Date "2024.07.09"]
[Round "6"]
[White "BaylavChess"]
[Black "Zurability"]
[Result "0-1"]
[WhiteElo "2403"]
[BlackElo "2651"]
[TimeControl "180+1"]
[EndTime "15:04:31 PDT"]
[Termination "Zurability won by resignation"]

1. e4 e5 2. Nc3 Nf6 3. d4 exd4 4. Qxd4 Nc6 5. Qd3 d5 6. Bf4 Bb4 7. O-O-O dxe4 8. Nxe4 Nxe4 9. Qxe4+ Qe7 10. Qxe7+ Bxe7 11. Bxc7 Bf5 12. a3 Rc8 13. Bf4 Nb4 14. c3 Na2+ 15. Kd2 O-O 16. Bd3 Rfd8 17. Ke2 Be6 18. Nf3 Bxa3 19. bxa3 Nxc3+ 20. Ke3 Nxd1+ 21. Rxd1 Rc3 22. Nd4 Bc4 23. a4 Re8+ 24. Be5 Rxe5+ 25. Kf4 Rd5 26.
Re1 g5+ 27. Kg3 Rxd4 0-1

[Event "Late-Titled-Tuesday-Blitz-July-09-2024"]
[Site "Chess.com"]
[Date "2024.07.09"]
[Round "6"]
[White "katharinareinecke"]
[Black "Proteuo"]
[Result "0-1"]
[WhiteElo "2089"]
[BlackElo "2440"]
[TimeControl "180+1"]
[EndTime "15:04:31 PDT"]
[Termination "Proteuo won by resignation"]

1. d4 Nf6 2. Nf3 e6 3. g3 b6 4.
Bg2 Bb7 5. O-O Be7 6. c4 O-O 7. Nc3 d5 8. cxd5 Nxd5 9. Re1 Nxc3 10. bxc3 Be4 11. a4 a5 12. Bf4 Nd7 13. Qb3 Nf6 14. Ne5 Bxg2 15. Kxg2 Bd6 16. f3 Nd5 17. e4 Nxf4+ 18.
gxf4 Qh4 19. Nd7 Bxf4 20. Nxf8 Qxh2+ 21. Kf1 Bg3 22. Qa2 Qh1+ 23. Ke2 Bxe1 24. Nd7 Rd8 25. Ne5 c5 26. Qc2 cxd4 27. Rxe1 Qh2+ 28. Kd1 Qxe5 29.
cxd4 Qxd4+ 30. Kc1 Qa1+ 31. Qb1 Rc8+ 32. Kd2 Qd4+ 33.
Qd3 Qb2+ 34. Ke3 Rc3 35. Rd1 Rxd3+ 36. Rxd3 g6 37. Rd8+ Kg7 38. Kf4 Qf6+ 0-1

[Event "Late-Titled-Tuesday-Blitz-July-09-2024"]
[Site "Chess.com"]
[Date "2024.07.09"]
[Round "6"]
[White "c63_amg"]
[Black "Andreikka"]
[Result "0-1"]
[WhiteElo "2780"]
[BlackElo "3007"]
[TimeControl "180+1"]
[EndTime "15:04:32 PDT"]
[Termination "Andreikka won by resignation"]

1. e4 Nc6 2. Nf3 Nf6 3. e5 Ng8 4. d4 d6 5. Bb5 a6 6. Bxc6+ bxc6 7. O-O g6 8. h3 Bg7 9. Nc3 Nh6 10. Bf4 O-O 11. Qd2 Nf5 12. g4 dxe5 13. dxe5 Qxd2 14. Bxd2 Nh6 15. Rfe1 f5 16. exf6 exf6 17. Re7 f5 18. g5 Nf7 19. Rxc7 f4 20. Re1 Bxh3 21. Ree7 Bf5 22.
Bxf4 Rae8 23. Rxe8 Rxe8 24. Rxc6 a5 25. Be3 Bxc2 26.
Nd4 Bxd4 27. Bxd4 Nxg5 28. Be3 Nf3+ 29. Kg2 Ne5 30. Rc5 a4 31. Nd5 Be4+ 32. Kg3 Nd7 33.
Rc7 Bxd5 34. Rxd7 Bxa2 35. Bd4 Re4 36. Re7 Rxe7 0-1

[Event "Late-Titled-Tuesday-Blitz-July-09-2024"]
[Site "Chess.com"]
[Date "2024.07.09"]
[Round "6"]
[White "krzyzan94"]
[Black "Seochesspie"]
[Result "1-0"]
[WhiteElo "2770"]
[BlackElo "2934"]
[TimeControl "180+1"]
[EndTime "15:04:32 PDT"]
[Termination "krzyzan94 won by resignation"]

1. e4 c5 2. Nf3 d6 3. d4 cxd4 4. Nxd4 Nf6 5. Nc3 a6 6. Bd3 g6 7. f3 Nbd7 8. Be3 Ne5 9. Qd2 b5 10. a4 bxa4 11. Be2 Bg7 12. O-O O-O 13. Rxa4 d5 14.
exd5 Bb7 15. Rfa1 Nxd5 16. Nxd5 Bxd5 17. b3 Nc6 18. Rd1 a5 19. Nxc6 Bxc6 20. Qxd8 Rfxd8 21. Rxd8+ Rxd8 22. Rxa5 e5 23. Kf2 f5 24. Bc4+ Kh8 25.
Bg5 Rc8 26. Be6 Re8 27. Bd5 Bxd5 28. Rxd5 h6 29. Bd2 e4 30. fxe4 Rxe4 31. c4 Kg8 32. c5 Kf7 33. c6 Re6 34. Rd7+ Kf8 35. Bb4+ 1-0

[Event "Late-Titled-Tuesday-Blitz-July-09-2024"]
[Site "Chess.com"]
[Date "2024.07.09"]
[Round "6"]
[White "Queensandpawns"]
[Black "mortngabriel"]
[Result "0-1"]
[WhiteElo "2315"]
[BlackElo "2468"]
[TimeControl "180+1"]
[EndTime "15:04:36 PDT"]
[Termination "mortngabriel won by checkmate"]

1. e4 c5 2. Nf3 Nc6 3. Bb5 Nf6 4. Nc3 Qc7 5. O-O Nd4 6. Re1 a6 7. Bf1 d6 8. d3 Bg4 9. Be3 Bxf3 10. gxf3 g6 11.
Bg2 Bg7 12. f4 O-O 13. Qd2 Ng4 14. Nd5 Qd8 15. c3 Nxe3 16. Rxe3 Nc6 17. Rh3 e6 18. Ne3 f5 19. exf5 gxf5 20. Kh1 d5 21. Rg1 Kh8 22. Qd1 Qe8 23. Bf3 Bf6 24. Bh5 Qe7 25. Bg6 Rf7 26. Bxf7 Qxf7 27. Qh5 Qe7 28. Rg6 Rg8 29.
Rh6 Rg7 30. Rg3 Rg8 31. Ng2 b5 32. Ne1 b4 33. cxb4 Nxb4 34. Nf3 Nxd3 35. Rh3 Nxf2# 0-1

[Event "Late-Titled-Tuesday-Blitz-July-09-2024"]
[Site "Chess.com"]
[Date "2024.07.09"]
[Round "6"]
[White "tandercat"]
[Black "ernestina08chess"]
[Result "0-1"]
[WhiteElo "1932"]
[BlackElo "2297"]
[TimeControl "180+1"]
[EndTime "15:04:37 PDT"]
[Termination "ernestina08chess won on time"]

1. d4 d5 2. c4 dxc4 3. e4 e5 4. Nf3 exd4 5. Bxc4 Nc6 6. O-O Be6 7. Bxe6 fxe6 8. Qb3 Qc8 9. Ng5 Nf6 10. Nxe6 Na5 11. Qa4+ Qd7 12. Qxa5 Qxe6 13. Qxc7 Be7 14. e5 Nd5 15. Qxb7 O-O 16. f4 Rfb8 17. f5 Rxb7 18.
fxe6 Rb6 19. Nd2 Rxe6 20. Nf3 d3 21. Bd2 Bc5+ 22. Kh1 Be3 23. Rad1 h6 24. Rfe1 Bb6 25. Bc3 Nxc3 26. bxc3 Rd8 27. h3 g5 28. Kh2 Kg7 29.
Kg3 Kg6 30. h4 Bc7 31. h5+ Kxh5 32. Rh1+ Kg6 33. Nd4 Bxe5+ 0-1

[Event "Late-Titled-Tuesday-Blitz-July-09-2024"]
[Site "Chess.com"]
[Date "2024.07.09"]
[Round "6"]
[White "PawnEatingZombie"]
[Black "Yahisalem"]
[Result "1-0"]
[WhiteElo "2273"]
[BlackElo "1959"]
[TimeControl "180+1"]
[EndTime "15:04:37 PDT"]
[Termination "PawnEatingZombie won by resignation"]

1. Nf3 d6 2. g3 Nf6 3. Bg2 g6 4. O-O Bg7 5. c4 O-O 6. Nc3 e5 7. d3 Bd7 8. b3 Bc6 9. Bb2 e4 10. Nxe4 Nxe4 11. Bxg7 Nxf2 12. Rxf2 Kxg7 13. Qd2 Nd7 14.
Raf1 Qe7 15. d4 Bxf3 16. Bxf3 Rab8 17. Bg2 f5 18. Qa5 Rfc8 19. e4 b6 20. Qe1 Rf8 21. exf5 Qxe1 22. Rxe1 gxf5 23. Ref1 c5 24. d5 Ne5 25.
Rxf5 Rxf5 26. Rxf5 Rf8 27. Rxf8 Kxf8 28. h3 Nd3 29.
Be4 Nc1 30. Bb1 Kg7 31. Kf2 h6 32. Ke3 a6 33. Kd2 Nxa2 34. Bxa2 b5 35. Ke3 bxc4 36. bxc4 a5 37. Bb3 Kf6 38. Kf4 Kg6 39. g4 Kf6 40.
h4 Kg6 41. g5 hxg5+ 42. hxg5 Kg7 43. Kf5 Kf7 44. Ba4 Kg7 45. Ke6 Kg6 46. Kxd6 Kxg5 47. Kxc5 1-0

[Event "Late-Titled-Tuesday-Blitz-July-09-2024"]
[Site "Chess.com"]
[Date "2024.07.09"]
[Round "6"]
[White "Keaton87"]
[Black "ural58"]
[Result "1-0"]
[WhiteElo "2653"]
[BlackElo "2470"]
[TimeControl "180+1"]
[EndTime "15:04:39 PDT"]
[Termination "Keaton87 won by resignation"]

1. d4 d5 2. Bf4 Nf6 3. e3 c5 4.
c3 Qb6 5. Qb3 c4 6. Qc2 g6 7.
Nd2 Bf5 8. Qc1 Bg7 9. Ngf3 Nc6 10. Be2 Nh5 11. Bg5 h6 12. Bh4 g5 13. Ng1 Bg6 14.
Bg3 Nxg3 15. hxg3 e5 16. dxe5 Nxe5 17. Ngf3 Nd3+ 18. Bxd3 Bxd3 19. Nd4 O-O 20. N2f3 Rfe8 21. Qd2 Rac8 22. Ne2 f5 23. Nc1 Be4 24. O-O g4 25. Nd4 Bxd4 26. cxd4 a5 27. f3 gxf3 28. gxf3 Bd3 29. Nxd3 cxd3 30. Qxd3 Qxb2 31. Qxf5 Rc2 32. Qg6+ Kf8 33. Qxh6+ Kg8 34. Rab1 Rg2+ 35. Kh1 Qe2 36. Qh3 Rf2 37. Rxf2 Qxf2 38. Qg4+ Kf8 39. Qf5+ Kg8 40. Rxb7 Qf1+ 41. Kh2 Qf2+ 42. Kh3 Qf1+ 43. Kg4 1-0

[Event "Late-Titled-Tuesday-Blitz-July-09-2024"]
[Site "Chess.com"]
[Date "2024.07.09"]
[Round "6"]
[White "TokChess"]
[Black "Boundless_Strike"]
[Result "0-1"]
[WhiteElo "2587"]
[BlackElo "2804"]
[TimeControl "180+1"]
[EndTime "15:04:42 PDT"]
[Termination "Boundless_Strike won by resignation"]

1. e4 e5 2. Nf3 d5 3. exd5 e4 4. Ne5 Qxd5 5. d4 exd3 6. Nxd3 Nc6 7. Nc3 Qf5 8. Be2 Be6 9. Bf3 Nf6 10. O-O O-O-O 11.
Be3 Nd4 12. Bxd4 Rxd4 13. Qe2 Bd6 14. Qe3 Rh4 15. h3 Kb8 16. Rfe1 g5 17. Ne4 Nxe4 18.
Bxe4 Qf6 19. Qf3 Qd4 20. Bxb7 g4 21. Qe4 gxh3 22. Qxd4 Rxd4 23. Re4 Rxd3 24. cxd3 h2+ 25.
Kh1 Kxb7 26. Re3 Rg8 27. a3 Bd5 28. f3 h5 0-1

[Event "Late-Titled-Tuesday-Blitz-July-09-2024"]
[Site "Chess.com"]
[Date "2024.07.09"]
[Round "6"]
[White "brm72"]
[Black "Arystanner"]
[Result "1-0"]
[WhiteElo "2660"]
[BlackElo "2882"]
[TimeControl "180+1"]
[EndTime "15:04:43 PDT"]
[Termination "brm72 won on time"]

1. e4 c5 2. Nf3 Nc6 3. Bb5 Nf6 4. Nc3 g6 5. O-O Bg7 6. e5 Nh5 7. Re1 Nd4 8. Bc4 O-O 9. d3 a6 10. a4 d6 11. exd6 exd6 12. h3 Be6 13. Be3 d5 14. Ba2 Nxf3+ 15. Qxf3 d4 16. Bd2 dxc3 17. bxc3 Bxa2 18. Rxa2 Qd7 19. Rb1 Qc6 20. Qxc6 bxc6 21. Rb6 Rfe8 22. Kf1 Rab8 23. Rab2 Rbc8 24. Rxa6 Nf6 25.
Rb7 Nd5 26. Raa7 Nxc3 27. Rxf7 Bd4 28. Rxh7 Rb8 29. g4 Rf8 30. Be3 Be5 31. Bxc5 Rfe8 32. f4 Bf6 33. g5 Rb1+ 34. Kf2 Re2+ 35. Kg3 Bh8 36. Rh6 Re6 37. Ra8+ Kf7 38. Rhxh8 Ne2+ 39. Kf2 1-0

[Event "Late-Titled-Tuesday-Blitz-July-09-2024"]
[Site "Chess.com"]
[Date "2024.07.09"]
[Round "6"]
[White "falzehope0"]
[Black "Andrei_Skvortsov"]
[Result "0-1"]
[WhiteElo "2465"]
[BlackElo "2784"]
[TimeControl "180+1"]
[EndTime "15:04:44 PDT"]
[Termination "Andrei_Skvortsov won by checkmate"]

1. d4 g6 2. e3 Bg7 3. Bd3 e5 4. c3 exd4 5. exd4 Nf6 6. f4 O-O 7. Nf3 Re8+ 8. Be2 Qe7 9. h3 b6 10. Kf2 Ne4+ 11. Kg1 Ng3 12. Bd3 Nxh1 13. Kxh1 Bb7 14.
Nbd2 d6 15. f5 Nd7 16. Qf1 Nf6 17. Bb5 Nh5 18. Qf2 Qe3 19. Qh4 c6 20. fxg6 hxg6 21. Bc4 Qe7 22. Qg4 d5 23. Bd3 Bc8 24. Qg5 Qxg5 25. Nxg5 Re1+ 26. Kh2 Bh6 27. Ndf3 Re8 28. g4 Nf6 29. Ne5 Bxg5 30. Bxg5 Nh7 31. Bh4 Bb7 32. Rf1 f6 33. Nxg6 Re3 34. Rd1 Rae8 35. Bf2 Re2 36. Bxe2 Rxe2 37. Kg1 Ng5 38. Kf1 Rxb2 39. Nf4 Ne4 40. Be1 Ba6+ 41. Kg1 Ng5 42. a4 Nf3+ 43.
Kh1 Rh2# 0-1

[Event "Late-Titled-Tuesday-Blitz-July-09-2024"]
[Site "Chess.com"]
[Date "2024.07.09"]
[Round "6"]
[White "petr577"]
[Black "Bob_2004"]
[Result "1-0"]
[WhiteElo "2423"]
[BlackElo "2662"]
[TimeControl "180+1"]
[EndTime "15:04:45 PDT"]
[Termination "petr577 won by resignation"]

1. d4 Nf6 2. c4 e6 3. Nf3 d5 4. g3 dxc4 5. Bg2 c5 6. O-O Nc6 7. Qa4 Bd7 8. Qxc4 cxd4 9. Nxd4 Rc8 10. Nxc6 Bxc6 11. Bxc6+ Rxc6 12. Qa4 a6 13. Nc3 Be7 14. Bf4 O-O 15. Rfd1 Qb6 16. Rab1 Ng4 17. e3 e5 18. Nd5 Qc5 19. Bg5 Bxg5 20. Qxg4 Bd8 21. e4 g6 22. h4 Kh8 23. h5 f5 24. exf5 gxf5 25. Qe2 Re6 26. Rbc1 Qa5 27. Rc8 Be7 28. Nxe7 Rxc8 29. Nxc8 Qc7 30. Na7 Qb6 31. h6 Re8 32. Rd7 Qxh6 33.
Qd2 Qf6 34. Qd5 Qb6 35. Qxb7 Qxb7 36. Rxb7 Rc8 37. Nxc8 1-0

[Event "Late-Titled-Tuesday-Blitz-July-09-2024"]
[Site "Chess.com"]
[Date "2024.07.09"]
[Round "6"]
[White "PNEPaul"]
[Black "TheMagician"]
[Result "1-0"]
[WhiteElo "1899"]
[BlackElo "2092"]
[TimeControl "180+1"]
[EndTime "15:04:45 PDT"]
[Termination "PNEPaul won on time"]

1. e4 Nf6 2. Bc4 Nxe4 3. Bxf7+ Kxf7 4. Qh5+ Kg8 5. Qd5+ e6 6. Qxe4 d5 7. Qe2 Nc6 8. Nf3 Bd6 9. d4 Bd7 10. O-O Qf6 11. c3 Rf8 12. Na3 a6 13. Bd2 e5 14.
dxe5 Nxe5 15. Nxe5 Qxe5 16. Qxe5 Bxe5 17. Rae1 Bd6 18.
Rd1 Kf7 19. Rfe1 Re8 20. Rxe8 Rxe8 21. Nc2 Ba4 22. b3 Bd7 23. Re1 Ra8 24. Nd4 h6 25. h3 a5 26. Nf3 a4 27. b4 a3 28.
Ne5+ Bxe5 29. Rxe5 Be6 30. Bc1 d4 31. cxd4 Bxa2 32.
Re3 Bc4 33. Rxa3 1-0

[Event "Late-Titled-Tuesday-Blitz-July-09-2024"]
[Site "Chess.com"]
[Date "2024.07.09"]
[Round "6"]
[White "Mariia89"]
[Black "Roedor"]
[Result "0-1"]
[WhiteElo "2223"]
[BlackElo "2385"]
[TimeControl "180+1"]
[EndTime "15:04:47 PDT"]
[Termination "Roedor won on time"]

1. d4 Nf6 2. Nf3 g6 3. c4 Bg7 4.
Nc3 O-O 5. e4 d6 6. Be2 e5 7.
O-O Nc6 8. d5 Ne7 9. b4 Ne8 10.
Rb1 f5 11. Nd2 Nf6 12. Re1 Kh8 13. Bf1 fxe4 14. Ndxe4 Nf5 15. Nxf6 Qxf6 16. Ne4 Qf7 17. Bb2 Nh4 18. Bd3 a5 19. a3 Bd7 20. Qe2 axb4 21.
axb4 Ra2 22. Ra1 Rfa8 23. Rxa2 Rxa2 24. Ra1 Rxa1+ 25. Bxa1 Qf4 26. Bb2 Bg4 27. Qc2 Bf3 28.
Qd2 Nxg2 29. Qxf4 Nxf4 30. Bc2 Be2 31. Nd2 Bd3 32. Bd1 e4 0-1

[Event "Late-Titled-Tuesday-Blitz-July-09-2024"]
[Site "Chess.com"]
[Date "2024.07.09"]
[Round "6"]
[White "Bugcrusher"]
[Black "koncheto"]
[Result "1-0"]
[WhiteElo "2503"]
[BlackElo "2651"]
[TimeControl "180+1"]
[EndTime "15:04:48 PDT"]
[Termination "Bugcrusher won by checkmate"]

1. e4 c5 2. Nc3 Nc6 3. Bb5 Nd4 4. Nf3 a6 5. Bd3 e6 6. O-O g6 7. Nxd4 cxd4 8. Ne2 Bg7 9. c3 dxc3 10. dxc3 Ne7 11.
Bg5 O-O 12. Qd2 b6 13. Bh6 Bb7 14. Ng3 d5 15. e5 Bxe5 16. Bxf8 Qxf8 17. Rae1 Bg7 18. f4 Rd8 19. Qe3 d4 20. Qe2 dxc3 21. bxc3 Bxc3 22. Rc1 Bd4+ 23. Kh1 b5 24. Rc7 Ba8 25.
f5 Nxf5 26. Nxf5 exf5 27. Bc2 Re8 28. Qd2 Be5 29. Ra7 Rd8 30. Rd7 Rc8 31. Bb3 Kh8 32. Rxf7 Qd8 33. Qh6 Qg8 34. R7xf5 Bg7 35. Qh4 Qe8 36.
Rf7 Qe3 37. Rxg7 Kxg7 38. Rf7+ Kg8 39. Qxh7# 1-0

[Event "Late-Titled-Tuesday-Blitz-July-09-2024"]
[Site "Chess.com"]
[Date "2024.07.09"]
[Round "6"]
[White "Individoom"]
[Black "Slovak_fighter2000"]
[Result "1-0"]
[WhiteElo "2756"]
[BlackElo "2554"]
[TimeControl "180+1"]
[EndTime "15:04:50 PDT"]
[Termination "Individoom won by resignation"]

1. d4 Nf6 2. Bg5 d5 3. Nd2 Nbd7 4. e3 h6 5. Bh4 c5 6. c3 Qb6 7. Rb1 e5 8. Ngf3 cxd4 9. exd4 e4 10. Ne5 Nxe5 11.
dxe5 Ng4 12. Nxe4 Nxe5 13. Qxd5 f6 14. Bb5+ Bd7 15. Bxd7+ Nxd7 16. O-O Qc6 17. Rfe1 O-O-O 18. Qxc6+ bxc6 19. Bg3 Nc5 20. Nxc5 Bxc5 21. Rbd1 Rxd1 22. Rxd1 Re8 23. Kf1 Re7 24. f3 h5 25. Bf2 Bb6 26. b3 Kc7 27. Rd3 Kb7 28. Bxb6 axb6 29. Kf2 Kc7 30. h4 Re8 31. a4 Ra8 32. c4 c5 33. Kg3 g6 34. Kf4 Kc6 35. g4 hxg4 36.
fxg4 Rh8 37. Rh3 Kd6 38. h5 Ke6 39. Re3+ Kf7 40. hxg6+ Kxg6 41. Re6 Rh1 42. Rxb6 Rf1+ 43. Ke4 Kg5 44. Kd5 Kxg4 45. Kxc5 f5 46. a5 f4 47. Rf6 f3 48. a6 Kg3 49. a7 Ra1 50.
Kb6 f2 51. Kb7 Rb1 52. a8=Q Rxb3+ 53. Kc7 1-0

[Event "Late-Titled-Tuesday-Blitz-July-09-2024"]
[Site "Chess.com"]
[Date "2024.07.09"]
[Round "6"]
[White "WPWPWP-2015"]
[Black "dawid498"]
[Result "1-0"]
[WhiteElo "2530"]
[BlackElo "2663"]
[TimeControl "180+1"]
[EndTime "15:04:52 PDT"]
[Termination "WPWPWP-2015 won on time"]

1. d4 Nf6 2. c4 g6 3. Nf3 Bg7 4. g3 O-O 5. Bg2 d5 6. cxd5 Nxd5 7. O-O c5 8. dxc5 Na6 9. e4 Nf6 10. Qc2 Qa5 11. Be3 Ng4 12. Bg5 Nb4 13. Qe2 Qxc5 14. Nc3 h6 15. Bd2 Be6 16. Na4 Qa5 17. a3 Qxa4 18. axb4 Qc2 19. Rfc1 Qxb2 20. Rab1 Qa2 21. h3 Ne5 22. Nd4 Bc4 23. Qe3 Qa6 24. b5 Qb6 25.
Bc3 Rac8 26. Rd1 Rfd8 27. Ra1 Nd3 28. e5 Nxe5 29. Ba5 Qf6 30. Bxd8 Rxd8 31. Rac1 Bd5 32. Nf5 Qxf5 33. Rxd5 Rxd5 34. Bxd5 Nd3 35. Be4 1-0

[Event "Late-Titled-Tuesday-Blitz-July-09-2024"]
[Site "Chess.com"]
[Date "2024.07.09"]
[Round "6"]
[White "tsvet2005"]
[Black "szachmistrz2500"]
[Result "0-1"]
[WhiteElo "2653"]
[BlackElo "2421"]
[TimeControl "180+1"]
[EndTime "15:04:52 PDT"]
[Termination "szachmistrz2500 won on time"]

1. d4 Nf6 2. c4 g6 3. Nc3 Bg7 4. e4 d6 5. Nf3 O-O 6. Be2 e5 7. O-O Nc6 8. Be3 Ng4 9. Bg5 f6 10. Bc1 Nh6 11. dxe5 dxe5 12. Qd5+ Nf7 13. Rd1 Qe7 14.
Be3 Nb4 15. Qc5 Nc6 16. Nd5 Qd6 17. Qxd6 cxd6 18. c5 Rd8 19. cxd6 Nxd6 20. Bc5 Nxe4 21. Ne7+ Kf7 22. Nxc6 Rxd1+ 23. Rxd1 Nxc5 24. Bc4+ Be6 25. Nd8+ Rxd8 26. Rxd8 Bxc4 27. Rc8 b6 28. b4 Be6 29. Rc7+ Nd7 30. Rxa7 Bf8 31. a3 Bd6 32. Nd2 f5 33. Rb7 e4 34. Kf1 Ke7 35. Ke2 Bd5 36.
Ra7 f4 37. Ra6 g5 38. h3 h5 39. Ra7 g4 40. hxg4 hxg4 41. f3 exf3+ 42. gxf3 g3 43.
Kf1 Ke6 44. Kg2 Be5 45. Ne4 Bd4 46. Ra6 Ne5 47. a4 Nxf3 48. Kxf3 Bxe4+ 49. Ke2 g2 0-1

[Event "Late-Titled-Tuesday-Blitz-July-09-2024"]
[Site "Chess.com"]
[Date "2024.07.09"]
[Round "6"]
[White "tusplingher"]
[Black "rasmussvane"]
[Result "0-1"]
[WhiteElo "2677"]
[BlackElo "2917"]
[TimeControl "180+1"]
[EndTime "15:04:53 PDT"]
[Termination "rasmussvane won by resignation"]

1. e4 c6 2. Nf3 d5 3. d3 Bg4 4.
h3 Bxf3 5. Qxf3 e6 6. g3 Nd7 7.
Bg2 Bd6 8. O-O h5 9. Bf4 Qc7 10. Bxd6 Qxd6 11. Re1 h4 12. exd5 cxd5 13. Qxd5 Qxd5 14.
Bxd5 hxg3 15. fxg3 Rxh3 16. Kg2 Rh5 17. Bxb7 Rb8 18. Bf3 Rc5 19. c4 Rxb2+ 20. Re2 Rxe2+ 21. Bxe2 Ne7 22. Nc3 Nc6 23. Ne4 Ra5 24. a3 f5 25. Ng5 Nc5 26. Nf3 Nb3 27. Ra2 Kd7 28. Kf2 e5 29. Rb2 Rxa3 30. Bd1 Nc5 31. Bc2 Rxd3 32. Ke2 Rc3 33. Bxf5+ Kc7 34. Rc2 Rxf3 35. Kxf3 Nd4+ 36. Kg4 Nxc2 37. Bxc2 a5 38. Kf5 Kd6 39. Kg6 a4 40. Kxg7 a3 41. Bb1 e4 42. g4 e3 0-1

[Event "Late-Titled-Tuesday-Blitz-July-09-2024"]
[Site "Chess.com"]
[Date "2024.07.09"]
[Round "6"]
[White "JoJoZP"]
[Black "Meri-Arabidze"]
[Result "0-1"]
[WhiteElo "2531"]
[BlackElo "2692"]
[TimeControl "180+1"]
[EndTime "15:04:53 PDT"]
[Termination "Meri-Arabidze won on time"]

1. Nf3 d5 2. e3 Nf6 3. c4 c5 4. cxd5 Nxd5 5. Nc3 Nc6 6. Bb5 Nc7 7. Bxc6+ bxc6 8.
O-O g6 9. Qa4 Bb7 10. Ne4 Ne6 11.
Qc2 Qd5 12. b3 Bg7 13. Bb2 Ba6 14. Bxg7 Nxg7 15. Rfc1 Bd3 16. Qc3 Bxe4 17. Qxg7 O-O-O 18. Ne1 Qxd2 19. Qc3 Qxc3 20. Rxc3 Kb7 21. f3 Bf5 22. Rxc5 Rd5 23. Rc3 Rd2 24. e4 Bc8 25. Nd3 Rd8 26.
Nc5+ Kb8 27. h4 h5 28. a4 Rb2 29. Nd3 Rd2 30. Nc5 f6 31. a5 g5 32. a6 gxh4 33. Ra4 Rg8 34. Rb4+ Ka8 0-1